 Dungeon Crawl Stone Soup version 0.25-a0-464-g3004169c2b (webtiles) character file.

Game seed: 16819024661944879144, levelgen mode: deterministic

16526 ipx the Cleaver (level 12, 0/106 HPs)
             Began as a Minotaur Monk on Feb 5, 2020.
             Was an Elder of Makhleb.
             Killed by the air
             ... invoked by Gastronok
              (20 damage)
             ... on level 1 of the Orcish Mines.
             The game lasted 01:11:38 (4001 turns).

ipx the Cleaver (Minotaur Monk)                     Turns: 4001, Time: 01:11:39

Health: 0/106      AC: 18    Str: 21    XL:     12   Next: 10%
Magic:  0/17       EV: 11    Int:  7    God:    Makhleb [****..]
Gold:   438        SH:  0    Dex: 13    Spells: 11/11 levels left

rFire    . . .     SeeInvis .   a - +1 hand axe (elec)
rCold    . . .     Gourm    .   (no shield)
rNeg     . . .     Faith    .   F - +0 plate armour
rPois    .         Spirit   +   (helmet restricted)
rElec    .         Reflect  .   o - +1 cloak
rCorr    .         Harm     .   j - +0 pair of gloves
MR       +....                  w - +1 pair of boots
Stlth    ..........             G - amulet of guardian spirit
HPRegen  0.27/turn              M - ring of protection from magic
MPRegen  0.15/turn              C - +3 ring of evasion

@: no status effects
A: retaliatory headbutt, horns 2
a: Minor Destruction, Lesser Servant of Makhleb, Major Destruction, Renounce
Religion


You were on level 1 of the Orcish Mines.
You worshipped Makhleb.
Makhleb was greatly pleased with you.
You were hungry.

You visited 3 branches of the dungeon, and saw 15 of its levels.

You collected 543 gold pieces.
You spent 105 gold pieces at shops.

Inventory:

Hand Weapons
 a - a +1 hand axe of electrocution (weapon)
 f - a +0 battleaxe
 y - a +0 broad axe
Missiles
 b - 27 poisoned darts
 g - an atropa-tipped dart
 h - a curare-tipped dart (quivered)
Armour
 j - a +0 pair of gloves (worn)
 o - a +1 cloak (worn)
 q - a +0 troll leather armour
 w - a +1 pair of boots (worn)
 F - a +0 plate armour (worn)
Magical Staves
 u - an uncursed staff of summoning
Jewellery
 s - a +4 ring of strength
 v - a +2 ring of evasion
 C - a +3 ring of evasion (right hand)
 G - an amulet of guardian spirit (around neck)
 M - a ring of protection from magic (left hand)
Wands
 z - a wand of random effects (18)
 A - a wand of paralysis (9)
 B - a wand of iceblast (9)
Scrolls
 d - a scroll of immolation {unknown}
 k - 3 scrolls of enchant armour
 l - 2 scrolls of fog
 r - 6 scrolls of remove curse
 t - 2 scrolls of amnesia {unknown}
 x - 2 scrolls of teleportation
Potions
 e - 2 potions of flight
 i - a potion of lignification
 m - a potion of berserk rage
 n - a potion of haste {unknown}
 p - 4 potions of curing
 D - a potion of ambrosia {unknown}
Comestibles
 c - 6 rations
 E - 2 chunks of flesh


   Skills:
 - Level 10.0 Fighting
 - Level 14.1(14.3) Axes
   Level 4.3(10.6) Maces & Flails
 - Level 4.1(5.0) Staves
 - Level 4.1 Throwing
 + Level 6.5 Armour
 - Level 5.2 Dodging
 - Level 1.5 Stealth
 - Level 8.0 Invocations
 + Level 5.7 Evocations


You had 11 spell levels left.
You didn't know any spells.
Your spell library was empty.

Dungeon Overview and Level Annotations

Branches:
Dungeon (12/15)              Lair (2/6) D:10            Orc (1/2) D:12
 Temple: D:4-7        Swamp: Lair:2-4    Shoals: Lair:2-4     Snake: Lair:2-4
 Spider: Lair:2-4

Altars:
Cheibriados
Dithmenos
Elyvilon
Gozag
Kikubaaqudgha
Makhleb
Okawaru
Ru
Xom
Zin
The Shining One

Shops:
D:2 *   D:7 *   D:11 [

Annotations:
D:9 2 transporters, Enish's ghost, novice FoCK
Orc:1 Gastronok


Innate Abilities, Weirdness & Mutations

You reflexively headbutt those who attack you in melee.
You have a pair of horns on your head.


Message History

Lightning courses through the orc warrior!
You kill the orc warrior!
Makhleb accepts your kill.
You feel better.
Press: ? - help, v - describe, . - travel, g - get item A cursed -1 morningstar.
There is something else lying underneath.
The floor.
An orc warrior and an orc wizard come into view.
The orc wizard shouts!
You hear a shout! x4
An orc wizard comes into view. It is wielding a +0 dagger.
The orc warrior moves out of view.
The orc wizard moves out of view.
An orc sorcerer comes into view.
It is wielding a +0 dagger and wearing a +1 robe of the Archmagi.
The orc sorcerer shouts!
The orc sorcerer gestures wildly while chanting.
Gastronok the Ponderous comes into view.
He is wearing a +2 hat of magic resistance.
Gastronok gurgles horribly!
Gastronok waves his eye-stalks in wide circles.
The air twists around and strikes you!!
You die...

#..#...#.)......#.#...#.....
......)#...w...........#.#.#
.......(..........#...##
(....................##
(...................##
((.................##
((.#.........>.....####.
...##................#.#
................@.......
#.#...................#.#.# o'
#.....................#..#..
#..............#.........#.
#................#.......#.
.##..#...._........###(...#
...................##......####''
.....##..................))......
#.#.# #####...............(##


You could see Gastronok.

Vanquished Creatures
  Jorgrun (Orc:1)
  2 two-headed ogres
  An ugly thing (D:11)
  A cyclops (Orc:1)
  Maurice (Orc:1)
  A black mamba (Lair:2)
  A gargoyle (D:11)
  2 spiny frogs (Lair:2)
  5 trolls
  A hornet (D:9)
  4 slime creatures (D:12)
  3 blink frogs (Lair:2)
  A hippogriff (D:11)
  14 yaks
  3 wyverns
  Grum (D:11)
  2 hungry ghosts (D:8)
  A soldier ant (D:12)
  3 porcupines
  A hornet zombie (D:8)
  2 black bears
  7 orc warriors
  2 phantoms
  An ice beast (D:8)
  A swamp drake (D:4)
  A necrophage (D:10)
  3 wolves (D:11)
  An eye of draining (D:9)
  7 ogres
  2 centaurs
  A crocodile (Lair:1)
  A big kobold (D:10)
  3 bullfrogs
  A wyvern skeleton (D:10)
  2 scorpions
  10 killer bees (D:9)
  3 wights (D:10)
  4 crimson imps
  3 howler monkeys
  A bullfrog zombie (D:9)
  A quasit (D:5)
  A centaur zombie (D:9)
  4 hounds
  A jelly (D:10)
  9 orc priests
  2 bullfrog skeletons
  Crazy Yiuf (D:3)
  Jessica (D:2)
  2 centaur skeletons
  5 worker ants
  2 iguanas
  10 orc wizards
  A hound zombie (D:10)
  2 worker ant zombies
  3 gnolls (D:4)
  7 adders
  A shadow imp (D:8)
  An ooze (D:3)
  3 adder skeletons
  2 dart slugs
  3 leopard geckos
  41 orcs
  A ball python (D:5)
  4 bats
  2 bat zombies (D:9)
  2 giant cockroaches (D:3)
  3 goblins
  6 hobgoblins
  2 jackals (D:5)
  4 quokkas
  5 frilled lizards
  12 kobolds
  3 rats
  A rat zombie (D:9)
  A fungus (Lair:2)
254 creatures vanquished.

Vanquished Creatures (collateral kills)
  A hydra (D:12)
  A slime creature (D:12)
  A wolf (D:11)
  An electric eel (D:12)
  A wight (D:10)
  An orc priest (Orc:1)
  An orc (D:12)
  A quokka (D:11)
8 creatures vanquished.

Grand Total: 262 creatures vanquished

Notes
Turn   | Place    | Note
-------+----------+-------------------------------------------
     0 | D:1      | ipx the Minotaur Monk began the quest for the Orb.
     0 | D:1      | Reached XP level 1. HP: 19/19 MP: 0/0
   176 | D:2      | Reached XP level 2. HP: 17/26 MP: 1/1
   255 | D:2      | Reached skill level 1 in Axes
   276 | D:2      | Noticed Jessica
   284 | D:2      | Killed Jessica
   284 | D:2      | Reached skill level 2 in Axes
   284 | D:2      | Reached skill level 1 in Throwing
   284 | D:2      | Reached XP level 3. HP: 29/31 MP: 2/2
   302 | D:2      | Found Gozag's Platinum Reserve.
   304 | D:2      | Found an opulent altar of Gozag.
   438 | D:3      | Found a runed translucent door.
   439 | D:3      | Noticed Crazy Yiuf
   456 | D:3      | Killed Crazy Yiuf
   456 | D:3      | Reached XP level 4. HP: 39/39 MP: 3/3
   621 | D:3      | Reached skill level 1 in Staves
   703 | D:4      | Reached XP level 5. HP: 45/45 MP: 4/4
   719 | D:4      | Noticed a swamp drake
   719 | D:4      | a worker ant changed into a swamp drake
   722 | D:4      | Killed a swamp drake
   771 | D:4      | Reached XP level 6. HP: 42/53 MP: 5/5
   831 | D:4      | Reached skill level 5 in Fighting
   942 | D:5      | Entered Level 5 of the Dungeon
   953 | D:5      | Reached XP level 7. HP: 39/62 MP: 6/6
   980 | D:5      | Found a shadowy altar of Dithmenos.
  1352 | D:6      | Found a glowing golden altar of the Shining One.
  1354 | D:6      | Found a glowing silver altar of Zin.
  1354 | D:6      | Found a sacrificial altar of Ru.
  1355 | D:6      | Found a burning altar of Makhleb.
  1355 | D:6      | Found an iron altar of Okawaru.
  1360 | D:6      | Became a worshipper of Makhleb the Destroyer
  1360 | D:6      | Reached * piety under Makhleb
  1360 | D:6      | Reached ** piety under Makhleb
  1384 | D:6      | Reached skill level 1 in Invocations
  1430 | D:6      | Reached skill level 3 in Axes
  1448 | D:6      | Reached XP level 8. HP: 66/74 MP: 6/8
  1480 | D:6      | Reached skill level 4 in Axes
  1517 | D:7      | Found a white marble altar of Elyvilon.
  1538 | D:7      | Found Beloivad's Assorted Antiques.
  1546 | D:7      | Bought a potion of curing for 63 gold pieces
  1546 | D:7      | Bought a scroll of fog for 42 gold pieces
  1558 | D:7      | Reached skill level 5 in Axes
  1619 | D:8      | Noticed a two-headed ogre
  1634 | D:8      | Reached skill level 6 in Axes
  1660 | D:8      | Reached skill level 5 in Invocations
  1666 | D:8      | Killed a two-headed ogre
  1666 | D:8      | Reached skill level 7 in Axes
  1666 | D:8      | Reached XP level 9. HP: 62/81 MP: 7/12
  1764 | D:8      | Reached skill level 8 in Axes
  1764 | D:8      | Reached skill level 1 in Armour
  1765 | D:8      | Found a snail-covered altar of Cheibriados.
  1867 | D:8      | Reached *** piety under Makhleb
  1963 | D:9      | Noticed a troll
  1973 | D:9      | Killed a troll
  1973 | D:9      | Reached skill level 9 in Axes
  1973 | D:9      | Reached skill level 5 in Dodging
  2172 | D:9      | Found an ancient bone altar of Kikubaaqudgha.
  2200 | D:9      | Reached XP level 10. HP: 85/88 MP: 14/14
  2206 | D:9      | Reached skill level 10 in Axes
  2227 | D:10     | Entered Level 10 of the Dungeon
  2388 | D:9      | Found a transporter.
  2434 | D:9      | Noticed a moth of wrath
  2434 | D:9      | Noticed Enish's ghost (novice FoCK)
  2451 | D:9      | Found a transporter.
  2458 | D:9      | Noticed a manticore
  2537 | D:10     | Reached **** piety under Makhleb
  2594 | D:10     | Found a staircase to the Lair.
  2605 | Lair:1   | Entered Level 1 of the Lair of Beasts
  2619 | Lair:1   | Reached skill level 11 in Axes
  2751 | Lair:2   | Noticed a spiny frog
  2752 | Lair:2   | Noticed a black mamba
  2758 | Lair:2   | Killed a spiny frog
  2758 | Lair:2   | Reached skill level 12 in Axes
  2764 | Lair:2   | Killed a black mamba
  2800 | Lair:1   | Reached skill level 10 in Fighting
  2800 | Lair:1   | Reached XP level 11. HP: 79/99 MP: 10/16
  3075 | D:10     | Found a glowing silver altar of Zin.
  3271 | D:11     | Reached skill level 13 in Axes
  3343 | D:11     | Reached skill level 1 in Evocations
  3374 | D:11     | Noticed a red ugly thing
  3384 | D:11     | Killed a red ugly thing
  3486 | D:11     | Noticed Grum
  3501 | D:11     | Killed Grum
  3521 | D:11     | Found Jalaohis's Antique Armour Boutique.
  3673 | D:12     | Noticed a two-headed ogre
  3690 | D:12     | Killed a two-headed ogre
  3716 | D:12     | Noticed a seven-headed hydra
  3738 | D:12     | Reached ***** piety under Makhleb
  3769 | D:12     | Killed a seven-headed hydra
  3769 | D:12     | Reached skill level 14 in Axes
  3815 | D:12     | Found a staircase to the Orcish Mines.
  3833 | Orc:1    | Entered Level 1 of the Orcish Mines
  3841 | Orc:1    | Reached skill level 5 in Armour
  3894 | Orc:1    | Reached skill level 5 in Evocations
  3905 | Orc:1    | Noticed Maurice
  3918 | Orc:1    | Killed Maurice
  3926 | Orc:1    | Found a shimmering altar of Xom.
  3961 | Orc:1    | Noticed Jorgrun
  3980 | Orc:1    | Killed Jorgrun
  3980 | Orc:1    | Reached XP level 12. HP: 15/106 MP: 4/17
  4001 | Orc:1    | Noticed Gastronok
  4001 | Orc:1    | Killed from afar by Gastronok

Levels and vault maps discovered:
D:1:      scummos_arrival_star, layout_loops_ring
D:2:      layout_rooms, nicolae_gozag_zags_fifth_avenue,
          nicolae_underground_beach, uniq_sigmund, uniq_jessica
D:3:      layout_loops_ring, uniq_crazy_yiuf_cottage
D:4:      layout_loops_corners, lemuel_round_altar, first_ration
D:5:      layout_rooms, nicolae_dithmenos_shadow_blocks,
          minmay_temple_entry_poolview
D:6:      layout_loops_ring, grunt_temple_overflow_open, minivault_24,
          minmay_ruined_shrine
D:7:      layout_loops_cross, yredelemnul_forgotten_temple_becter,
          lemuel_doored_altar, serial_shops, shop, grunt_livestock
D:8:      layout_loops_ring, cheibriados_altar_1, st_stairs_13
D:9:      layout_loops_corners, lemuel_zombie_altar_kikubaaqudgha,
          gammafunk_ghost_berserking_beasts
D:10:     layout_rooms, lair_entry_dummy, basic_altar
D:11:     layout_grid_maze, serial_shops, shop, uniq_grum
D:12:     layout_loops_ring, erik_orc_2
Lair:1:   layout_roguey
Lair:2:   layout_hall_layers
Orc:1:    orc_temple, layout_caves, basic_altar, nicolae_orc_rockfall,
          guppyfry_library_mini, uniq_maurice, uniq_gastronok, uniq_jorgrun

Skill      XL: |  1  2  3  4  5  6  7  8  9 10 11 |
---------------+----------------------------------+-----
Maces & Flails | 4 |  4.3
Axes           | 2 3 7 9 12 14 | 14.1
Throwing       | 1 2 3 4 |  4.1
Staves         | 2 3 4 |  4.1
Fighting       | 4 5 7 10 | 10.0
Invocations    | 1 6 7 8 |  8.0
Armour         | 1 6 |  6.5
Dodging        | 5 |  5.2
Evocations     | 5 |  5.7
Stealth        | |  1.5

Action                   |  1- 3 |  4- 6 |  7- 9 | 10-12 || total
-------------------------+-------+-------+-------+-------++-------
Melee: Mace              |    18 |       |       |       ||    18
       Battleaxe         |    38 |       |       |       ||    38
       Headbutt          |     9 |     9 |    47 |    95 ||   160
       Quarterstaff      |       |    74 |    60 |       ||   134
       Hand axe          |       |       |   137 |   326 ||   463
       Broad axe         |       |       |       |     7 ||     7
Throw: Dart              |     5 |     2 |    17 |    24 ||    48
Invok: Minor Destruction |       |       |     6 |       ||     6
       Lesser Servant of |       |       |       |     6 ||     6
       Major Destruction |       |       |       |     5 ||     5
       Greater Servant o |       |       |       |     1 ||     1
Evoke: Wand              |       |       |       |    10 ||    10
  Use: Potion            |     1 |       |     1 |       ||     2
       Scroll            |       |       |    11 |     1 ||    12
 Stab: Sleeping          |     2 |       |       |       ||     2
       Distracted        |       |       |       |     1 ||     1
       Paralysed         |       |       |       |     1 ||     1
  Eat: Chunk             |       |       |     5 |     6 ||    11
       Ration            |       |       |     1 |       ||     1
Armor: Leather armour    |     1 |       |       |       ||     1
       Scale mail        |    13 |    21 |    56 |    36 ||   126
       Chain mail        |       |       |       |    63 ||    63
       Plate armour      |       |       |       |    18 ||    18
Dodge: Dodged            |    28 |    37 |   124 |   161 ||   350

Table legend:
 A = Non-vault XP
 B = Vault XP
 C = Vault XP percentage of total XP
 D = Non-vault monster count
 E = Vault monster count
 F = Vault count percentage of total count
                 A         B        C        D         E       F
            +---------+---------+-------+---------+---------+-------
      Total |   19892 |    3717 |  15.7 |     227 |      34 |  13.0
            +---------+---------+-------+---------+---------+-------
        D:1 |      10 |       0 |   0.0 |       7 |       0 |   0.0
        D:2 |      13 |      37 |  74.0 |       8 |       1 |  11.1
        D:3 |      60 |      37 |  38.1 |      19 |       1 |   5.0
        D:4 |     533 |       0 |   0.0 |      20 |       0 |   0.0
        D:5 |     356 |       0 |   0.0 |      19 |       0 |   0.0
        D:6 |     686 |       0 |   0.0 |      15 |       0 |   0.0
        D:7 |     307 |       0 |   0.0 |       8 |       0 |   0.0
        D:8 |    2202 |       0 |   0.0 |      22 |       0 |   0.0
        D:9 |    2842 |       5 |   0.2 |      24 |       3 |  11.1
       D:10 |    1065 |       0 |   0.0 |      26 |       0 |   0.0
       D:11 |    1671 |     588 |  26.0 |      12 |       5 |  29.4
       D:12 |    3871 |     754 |  16.3 |      14 |      20 |  58.8
     Lair:1 |    2502 |       0 |   0.0 |      13 |       0 |   0.0
     Lair:2 |    2511 |       0 |   0.0 |       9 |       0 |   0.0
      Orc:1 |    1263 |    2296 |  64.5 |      11 |       4 |  26.7
            +---------+---------+-------+---------+---------+-------
